AoeStats
← MP

Yucatan

510417287Analyzed
2v2 RM · 1d ago on Sep 30, 2026· 26m 9s· 4 players
Game mode
Random Map
Map size
Medium (4 player)
Population
200
Speed
Normal
Resources
Standard
Victory
Conquest
Starting age
Dark Age
Ending age
Imperial Age
RankedLock teamsTeams togetherTeam positionsShared explorationLock speedFull tech treeHidden civsTurbo modeCheats
Victory
Defeat
🇨🇱 Aztecs · Chile
897
+16
🇨🇱 Bulgarians · Chile
891
+16
🇧🇷 Turks · Brazil
925
-17
879
-15
Fritz Flabbergasted Blitz
10:27 Feudal Age
11:14 Feudal Age
16:59 Castle Age
15:16 Fletching
15:27 Stone Mining
19:15 Wheelbarrow
20:16 Crossbowman
21:43 Double-Bit Axe
22:05 Loom
MP
13:57 Feudal Age
15:28 Loom
15:34 Double-Bit Axe
24:12 Castle Age
21:57 Horse Collar
25:43 Wheelbarrow
ElMarihuanero
12:08 Feudal Age
11:56 Loom
17:52 Castle Age
16:26 Forging
18:00 Eagle Warrior
MADAFAKASHEET
3:21 Loom
11:29 Feudal Age
12:34 Double-Bit Axe
18:57 Castle Age
18:56 Forging
18:40 Horse Collar
20:55 Wheelbarrow
20:25 Gold Mining
Connection lost

Rejoining the realm…

Still unreachable

The connection could not be restored.

Session expired

The server has moved on; the page needs a fresh start.